[Event "Candidates Tournament"]
[Site "Khanty-Mansiysk"]
[Date "2014.03.19"]
[Round "6"]
[White "Mamedyarov, Shakhriyar"]
[Black "Svidler, Peter"]
[Result "1-0"]
[ECO "A87"]
[WhiteElo "2757"]
[BlackElo "2758"]
[Annotator "Meulders,R"]
[PlyCount "61"]
[EventDate "2014.03.13"]
[EventType "tourn"]
[EventRounds "14"]
[EventCountry "RUS"]
[EventCategory "21"]
[SourceTitle "CBM 160"]
[Source "ChessBase"]
[SourceDate "2014.05.15"]
[SourceVersion "1"]
[SourceVersionDate "2014.05.15"]
[SourceQuality "1"]
[TimeControl "40/7200:20/3600:900+30"]
[WhiteClock "0:19:35"]
[BlackClock "0:08:55"]

1. d4 f5 2. g3 Nf6 3. Bg2 g6 4. Nf3 Bg7 5. O-O O-O 6. c4 d6 7. Nc3 Qe8 8. b4
{[%emt 0:06:15] A less usual move. Instead of the vastly popular 8.d5,
hindering Black's stock move ...e5, White allows this advance and aims for a
quick initiative on the queenside.} e5 ({Relevant:} 8... h6 9.
Bb2 c6 10. d5 a5 11. a3 axb4 12. axb4 Rxa1 13. Bxa1 Na6 14. Qb3 c5 15. b5 Nb4
16. Bb2 e5 17. dxe6 Bxe6 18. Ba3 Qf7 19. Nd2 d5 20. cxd5 Nfxd5 21. Nxd5 Nxd5
22. Bxc5 Nc3 23. Qa3 Rd8 24. Nf3 Nxe2+ 25. Kh1 Nc3 26. Qb4 Bc4 27. Re1 Ne4 28.
Qa5 Qd5 29. Bb6 Bc3 30. Qa7 Bxe1 31. Nxe1 Qd1 {0-1 (31) Gomez,J (2534)-Zhang,Z
(2600) Ho Chi Minh City 2014}) (8... c6) 9. dxe5 dxe5 10. Ba3 $146 (10. b5 e4 11. Nd4 Qf7 12. Qb3 c5
13. bxc6 Nxc6 14. Nxc6 bxc6 15. Ba3 Rd8 16. Rac1 Be6 17. Qa4 Rac8 18. Bc5 Nd7
19. Be3 Nb6 20. Qa6 Bxc4 21. Qa5 Nd5 22. Rfd1 Re8 23. Bd4 Nxc3 24. Bxc3 Bxe2
25. Bxg7 Qxg7 26. Rd2 Bd3 27. Bf1 Bxf1 28. Kxf1 Qc7 29. Qa4 e3 30. Rdc2 exf2
31. Kxf2 Re6 32. Kg2 Qd7 33. Qb3 Qf7 34. Qd3 Qe7 35. Qb3 Kf8 36. Qf3 c5 37. g4
Re3 38. Qf4 Re4 39. Qh6+ Kg8 {Nguyen,N (2567)-Zhang,Z (2649) Beijing 2008 0-1})
10... e4 11. Nd4 Rf7 12. Qb3 Nc6 13. Nxc6 Qxc6 14. b5 Qe8 15. f3 Be6 16. Rad1 {[%emt 0:07:56] Getting the rook out of the pin
along the h8-a1 diagonal and threatening to take twice on e4.} a6 $1 {[%emt 0:
07:48] Black has a very small initiative, based on the somewhat awkward
position of the Ba3.} 17. bxa6 (17. fxe4 axb5 18. Nxb5 Nxe4
$15) 17... Rxa6 18. fxe4 fxe4 19. Nxe4 Nxe4 20. Bxe4 Rxf1+ 21. Rxf1 b5 $1 $15 {[%emt 0:07:50]
Black has successfully solved all his opening difficulties and has a fine
position: the c4-pawn is pinned and the Ba3 still is insecurely placed. Black
is set to regain the pawn and keep the initiative.} 22. Qe3 bxc4 $6 (22... Bxc4 $2 23. Bd5+ Re6 24. Bxe6+ Qxe6 25. Qxe6+
Bxe6 26. Rc1 $16) ({The move to play is} 22... Qd7 $1 {threatening ...Bd4} 23.
Qf3 Bxc4 24. Bb2 Qd6 25. Bxg7 Kxg7 26. Qc3+ Kg8 27. Bc2 Qc5+ 28. Rf2 Rxa2 29.
Bd3 Ra6 30. Bxc4+ Qxc4 31. Qf3 Qc1+ 32. Kg2 Qc6 33. e4 Qe8 34. Qb3+ Qe6 35.
Qxb5 Qxe4+ 36. Kh3 Qe6+ 37. Kg2 Qc6+ 38. Qxc6 Rxc6 {and White must struggle to
get a draw..}) 23. Bc5 $11 Qc8 $2 {[%emt 0:09:21] Too passive.
} (23... c6 $11 24. Rd1 Rxa2 25. Bxc6 Qxc6 26. Rd8+ Kf7 27. Qf4+ Bf5 28. Qxc4+
Be6 29. Qf4+ Bf5 30. Qc4+ $11) 24. h4 h6 $4 {[%emt 0:09:52] A
strange move to make for a player of Svidler's calibre. Surely he did not miss
25.Bxg6 Bh3 26.Bf7+?} (24... Qd7 $1 25. Rb1 Kh8 26. Rb8+ Bg8 27. Qf3 Re6 28.
Bd5 Re8 29. Rxe8 Qxe8 30. Bxg8 Qxg8 31. a4 h5 32. a5 c3 {and the passed pawn
gives Black enough counterplay.}) 25. Bxg6 $16 Bd5 26. h5 $1 Qd7 27. Bd4 (27. Rd1 $1 $18) 27... Re6 (27... Be6 28. Bxg7 Qxg7 29. a4
Rd6 30. a5 c3 31. Rc1 Bf7 32. Bxf7+ Qxf7 33. Qxc3 Qxh5 34. a6 Rd8 35. Qf6 Rd6
36. Qxd6 $1 cxd6 37. Rc8+ $1 Kh7 38. a7 Qxe2 39. a8=Q $18) 28. Bf7+ Qxf7 29. Rxf7 Rxe3 30. Rxg7+ Kf8 31. Rg5 $1 $18 (31. Rg5 hxg5 32. Bxe3 g4 33. a4 c3 34. a5 Bb7 35. h6 Kg8 36. Bf4 c2 37. Kf2
$18) 1-0

[Event "Plancoet op-A 10th"]
[Site "Plancoet"]
[Date "2013.08.01"]
[Round "6"]
[White "Milchev, Nikolay"]
[Black "Dionisi, Thomas"]
[Result "1-0"]
[ECO "A87"]
[WhiteElo "2428"]
[BlackElo "2301"]
[Annotator "RR"]
[PlyCount "85"]
[EventDate "2013.07.28"]
[EventType "swiss"]
[EventRounds "9"]
[EventCountry "FRA"]
[SourceTitle "EXT 2017"]
[Source "ChessBase"]
[SourceDate "2016.10.25"]
[SourceVersion "1"]
[SourceVersionDate "2016.10.25"]
[SourceQuality "1"]
[TimeControl "40/5400+30:1800+30"]

1. Nf3 f5 2. g3 Nf6 3. Bg2 g6 4. d4 Bg7 5. c4 O-O 6. b4 d6 7. Bb2
Qe8 8. Nbd2 (8. O-O c6 9. Nbd2 Nbd7 10. Qb3 h6 11. Rae1 Qf7 12. a4 Rb8 13. Qc2
a6 14. Nh4 e5 15. e4 f4 16. c5 dxc5 17. bxc5 Nh7 18. gxf4 exd4 19. f5 Ne5 20.
f4 Qf6 21. fxe5 Qxh4 22. Qb3+ Kh8 23. f6 Nxf6 24. exf6 Rxf6 25. Nf3 Qh5 26.
Bxd4 Be6 27. Qc3 Rbf8 28. Bxf6 Rxf6 29. Qe3 Rf8 30. Kh1 Re8 31. e5 Bd5 32. Qf4
g5 33. Qg3 Bc4 34. Rf2 Bf8 35. e6 Bg7 36. e7 Bd5 37. Rfe2 Qf7 {Khismatullin,D 
(2638)-Halkias,S (2581) St Petersburg 2012 1-0}) 8... Nbd7 9. O-O (9. d5 e5 10.
dxe6 Qxe6) 9... e5 10. dxe5 dxe5 11. Qb3 c5 12. e4 f4 13. gxf4 Nh5 14. fxe5 Nf4
$36 15. Rae1 Nxe5 (15... Qe6 ) 16. Nxe5 Bxe5 17. Bxe5 Qxe5 18. Qe3
cxb4 19. Kh1 Be6 $17 20. Rg1 Rad8 21. Nf3 Qh5 22. Bf1 Bg4 23. Ne5 Bh3 (23...
Be6 $5 {Il vallait peut-être mieux garder le B pour profiter des faiblesses
des cases blanches de l'aile-roi}) 24. Bxh3 Nxh3 25. Ng4 Nxg1 26. Rxg1 Qh4 27.
e5 Rde8 (27... b6) 28. Rg3 Qe7 29. Qxa7 h5 $2 {Oubliant l'échec} (29... Kh8 30. Qb6 h5) 30. Nf6+ Rxf6 31. exf6 Qxf6 32. Qxb7 h4 33. Qd5+ Kh8
34. Rf3 {Après avoir été perdants, les Blancs commencent à prendre le
dessus!} Qa1+ 35. Kg2 Qg7 $2 36. Rf7 $18 Qh6 37. h3 g5 38. Rf5 Rg8 39. c5 Qg6
40. c6 Rc8 41. c7 Qg7 42. Rf7 Qg6 43. Qd8+ 1-0